 Dungeon Crawl Stone Soup version 0.30.0-15-g856e2d3f33 (webtiles) character file.

Game seed: 3305251859034814626

1372 qw the Cleaver (level 8, 49/49 HPs)
             Began as a Gargoyle Cinder Acolyte on May 18, 2023.
             Was a Priest of Ignis.
             Quit the game on level 5 of the Dungeon.
             The game lasted 00:28:53 (6444 turns).

qw the Cleaver (Gargoyle Cinder Acolyte)            Turns: 6444, Time: 00:28:54

Health: 49/49      AC: 21    Str: 20    XL:     8   Next: 66%
Magic:  9/9        EV:  5    Int: 15    God:    Ignis [***...]
Gold:   283        SH:  3    Dex:  5    Spells: 9/9 levels left

rFire   + . .        Y - +1 war axe
rCold   . . .        m - +0 buckler
rNeg    + . .        d - +0 plate armour
rPois   inf          (no helmet)
rElec   +            c - +0 cloak
rCorr   .            o - +2 pair of gloves
SInv    +            (no boots)
Will    .....        (no amulet) Stlth
                     p - ring of see invisible
HPRegen 0.28/turn    (no ring)
MPRegen 0.11/turn

%: no passive effects
@: no status effects
A: sickness immunity, AC +5, negative energy resistance 1, electricity
resistance, torment resistance 1, petrification resistance
a: Renounce Religion, Fiery Armour, Foxfire Swarm, Rising Flame


You were on level 5 of the Dungeon.
You worshipped Ignis.
Ignis was most pleased with you.
You visited 1 branch of the dungeon, and saw 5 of its levels.

You collected 283 gold pieces.


Innate Abilities, Weirdness & Mutations

You are immune to sickness and miasma.
Your stone body is resilient. (AC +5)
You are immune to poison.
You resist negative energy. (rN+)
You are resistant to electric shocks. (rElec)
You are resistant to unholy torment.
You are immune to petrification.


   Skills:
 - Level 5.0 Fighting
 - Level 8.0 Axes
 - Level 1.0 Throwing
 + Level 4.0 Armour
 - Level 3.0 Shields
 - Level 1.0 Spellcasting
 - Level 3.0 Fire Magic


You had 9 spell levels left.
You didn't know any spells.
Your spell library contained the following spells:

 Spells                   Type           Power      Damage    Failure   Level
 Scorch                   Fire           18%        2d6       98%         2

Inventory:

Hand Weapons
 a - a -1 hand axe of flaming
 Y - a +1 war axe (weapon)
Armour
 c - a +0 cloak (worn)
 d - a +0 plate armour (worn)
 m - a +0 buckler (worn)
 o - a +2 pair of gloves (worn)
Jewellery
 b - the ring of the Louse {Fire *Corrode rN+++ Str-5 Dex+4}
   (You acquired it on level 1 of the Dungeon)

   [ring of fire]

   It enhances your fire magic.
   Str:       It affects your strength (-5).
   Dex:       It affects your dexterity (+4).
   rF:        It protects you from fire.
   rC:        It makes you vulnerable to cold.
   rN:        It renders you almost immune to negative energy.
   *Corrode:  It may corrode you when you take damage.
 p - a ring of see invisible (left hand)
Scrolls
 i - a scroll of identify
Potions
 e - 3 potions of curing
 f - a potion of berserk rage {unknown}
 j - a potion of mutation {unknown}
 l - a potion of might
 q - a potion of invisibility {unknown}

Dungeon Overview and Level Annotations

Branches:
Dungeon (5/15)
 Temple: D:4-7

Altars:
Cheibriados
Trog
Uskayaw
Vehumet

Annotations:
D:4 2 runed translucent doors
D:5 1 runed translucent door


Message History

Enter note:
Enter note:
Enter note:
Enter note:
Enter note:
Enter note:
Enter note:
Enter note:
Enter note:
Enter note:
Enter note:
Enter note:
Enter note:
Enter note:
Enter note:
Enter note:
Enter note:
Enter note:
Enter note:
Enter note:
Enter note:
Enter note:
Enter note:
Enter note:
Enter note:
Enter note:
Enter note:
Enter note:
Enter note:
Enter note:
Enter note:
Enter note:
Enter note:
Enter note:
Enter note:
Enter note:
Enter note:
Enter note:
6443 ||| Stepping randomly (stuck).
Are you sure you want to abandon this character and quit the game? (Confirm with "yes".)

#........#..#
#........#..#
#........#..#
##########.%#
#####). #......
77777##...%.#
#####777.7...#.....#
#..@#7..7......<...#
#..)+.7777.........#
#)..#77 77..#.....#
##### 77##......
#^..... #####.#
#####.... #..#..#.#
##...####


There were no monsters in sight!

Vanquished Creatures
  A black bear (D:4)
  An ice beast (D:5)
  An ogre (D:5)
  2 phantoms (D:4)
  A bullfrog (D:5)
  A scorpion (D:5)
  4 wights (D:5)
  Crazy Yiuf (D:5)
  2 jellies
  An orc priest (D:5)
  4 hounds (D:5)
  5 iguanas (D:5)
  Terence (D:2)
  2 orc wizards (D:4)
  A sleepcap (D:5)
  7 adders
  An ufetubus (D:5)
  2 worms
  A dart slug (D:3)
  13 orcs
  9 endoplasms
  3 giant cockroaches
  6 goblins
  8 hobgoblins
  11 kobolds
  3 quokkas
  4 ball pythons
  6 bats
  2 frilled lizards
  11 rats
115 creatures vanquished.

Notes
Turn   | Place    | Note
-------+----------+-------------------------------------------
     0 | D:1      | qw the Gargoyle Cinder Acolyte began the quest for the Orb.
     0 | D:1      | Reached XP level 1. HP: 14/14 MP: 2/2
     0 | D:1      | 0 ||| qw: Version: 0.2-a-95-gc95f03d
     0 | D:1      | 0 ||| qw: Game counter: 29
     0 | D:1      | 0 ||| qw: Always use a shield: true
     0 | D:1      | 0 ||| qw: God list: Okawaru
     0 | D:1      | 0 ||| qw: Allow faded altars: false
     0 | D:1      | 0 ||| qw: Do Orc after D:15 true
     0 | D:1      | 0 ||| qw: Do second Lair branch before Depths: true
     0 | D:1      | 0 ||| qw: Lair rune preference: random
     0 | D:1      | 0 ||| qw: Plans: Normal
     0 | D:1      | 0 ||| PLANNING D:1-11
   172 | D:1      | 172 ||| INVOKING Fiery Armour.
   215 | D:1      | Reached skill level 3 in Axes
   269 | D:1      | Reached XP level 2. HP: 19/19 MP: 3/3
   289 | D:1      | 289 ||| SWAPPING to +0 war axe.
   796 | D:1      | Reached skill level 1 in Throwing
   879 | D:1      | 879 ||| UPGRADING to +0 plate armour.
   889 | D:1      | 889 ||| DROPPING +0 robe.
   890 | D:1      | 890 ||| UPGRADING to +0 pair of gloves.
   895 | D:1      | 895 ||| UPGRADING to +0 buckler.
   900 | D:1      | 900 ||| READING scroll labelled HYIJOD ZEVOIG.
   901 | D:1      | 901 ||| READING scroll labelled DAXKOZXADE.
   902 | D:1      | 902 ||| READING scroll labelled CUCVEGRYILI.
   902 | D:1      | Identified a scroll of acquirement
   902 | D:1      | 902 ||| ACQUIRING ring of the Louse {Fire *Corrode rN+++
                  | Str-5 Dex+4}
   902 | D:1      | Acquired the ring of the Louse {Fire *Corrode rN+++ Str-5
                  | Dex+4}
   904 | D:1      | 904 ||| READING scroll labelled FUF HECIBLO.
   905 | D:1      | 905 ||| DRINKING 2 brown potions.
  1001 | D:2      | 1001 ||| Stepping ~*~*~tactically~*~*~ (stealth).
  1005 | D:2      | 1005 ||| Stepping ~*~*~tactically~*~*~ (stealth).
  1018 | D:2      | Reached skill level 1 in Armour
  1018 | D:2      | Reached XP level 3. HP: 20/23 MP: 4/4
  1083 | D:2      | 1083 ||| Stepping ~*~*~tactically~*~*~ (hiding).
  1174 | D:2      | Reached skill level 1 in Shields
  1267 | D:2      | 1267 ||| Stepping ~*~*~tactically~*~*~ (stealth).
  1367 | D:2      | 1367 ||| Stepping ~*~*~tactically~*~*~ (stealth).
  1427 | D:2      | 1427 ||| Stepping ~*~*~tactically~*~*~ (stealth).
  1432 | D:2      | Noticed Terence
  1438 | D:2      | 1438 ||| INVOKING Fiery Armour.
  1440 | D:2      | HP: 4/23 [Terence/+0 flail (5)]
  1442 | D:2      | Killed Terence
  1443 | D:2      | Reached XP level 4. HP: 6/28 MP: 5/5
  1458 | D:2      | 1458 ||| Stepping ~*~*~tactically~*~*~ (stealth).
  1790 | D:2      | 1790 ||| DROPPING ring of wizardry.
  1828 | D:3      | Reached skill level 4 in Axes
  1884 | D:3      | 1884 ||| Stepping ~*~*~tactically~*~*~ (stealth).
  1889 | D:3      | Reached XP level 5. HP: 32/32 MP: 6/6
  1959 | D:3      | 1959 ||| Stepping ~*~*~tactically~*~*~ (hiding).
  2333 | D:3      | Found a snail-covered altar of Cheibriados.
  2341 | D:3      | 2341 ||| Stepping ~*~*~tactically~*~*~ (stealth).
  2686 | D:3      | 2686 ||| READING scroll labelled VUEFAG HIKEPN.
  2687 | D:3      | 2687 ||| READING scroll labelled YJUSIUTITA.
  2688 | D:3      | 2688 ||| READING scroll labelled OKHOXZ UCYUP.
  2689 | D:3      | 2689 ||| READING scroll labelled APUSSA QUXT.
  2690 | D:3      | 2690 ||| READING 2 scrolls labelled HEDOLIAPOI.
  2691 | D:3      | 2691 ||| DROPPING scroll of summoning.
  2751 | D:4      | 2751 ||| Stepping ~*~*~tactically~*~*~ (stealth).
  2760 | D:4      | 2760 ||| INVOKING Fiery Armour.
  2769 | D:4      | 2769 ||| Stepping ~*~*~tactically~*~*~ (hiding).
  2856 | D:4      | Noticed a phantom
  2866 | D:4      | Killed a phantom
  2867 | D:4      | Reached skill level 5 in Axes
  2867 | D:4      | Reached XP level 6. HP: 37/37 MP: 7/7
  2886 | D:4      | 2886 ||| Stepping ~*~*~tactically~*~*~ (stealth).
  2954 | D:4      | Found a large runed translucent door.
  2955 | D:4      | Found a large runed translucent door.
  3055 | D:4      | Reached skill level 3 in Armour
  3134 | D:4      | Noticed a black bear
  3143 | D:4      | Killed a black bear
  3144 | D:4      | Reached XP level 7. HP: 40/43 MP: 8/8
  3225 | D:4      | Found a hide-covered altar of Uskayaw.
  3226 | D:4      | Noticed a +0 dagger
  3227 | D:4      | Noticed a +0 spear
  3227 | D:4      | Noticed a +0 falchion
  3227 | D:4      | Noticed a +0 falchion
  3228 | D:4      | Noticed a +0 short sword
  3229 | D:4      | Noticed a +0 dagger
  3229 | D:4      | Noticed a +0 spear
  3230 | D:4      | Noticed a +0 short sword
  3250 | D:4      | 3250 ||| Stepping ~*~*~tactically~*~*~ (hiding).
  3258 | D:4      | 3258 ||| Stepping ~*~*~tactically~*~*~ (hiding).
  3320 | D:4      | Found a bloodstained altar of Trog.
  3481 | D:4      | 3481 ||| UPGRADING to +2 pair of gloves.
  3491 | D:4      | 3491 ||| DROPPING +0 pair of gloves.
  3492 | D:4      | 3492 ||| UPGRADING to ring of see invisible.
  3493 | D:4      | 3493 ||| READING scroll labelled DOUGUM ROIW.
  3594 | D:4      | 3594 ||| READING 2 scrolls of identify.
  3594 | D:4      | 3594 ||| IDENTIFYING orange potion
  3595 | D:4      | 3595 ||| DROPPING potion of flight.
  3603 | D:5      | Entered Level 5 of the Dungeon
  3630 | D:5      | Reached skill level 6 in Axes
  3640 | D:5      | 3640 ||| INVOKING Fiery Armour.
  3763 | D:5      | Reached skill level 3 in Shields
  3764 | D:5      | Found a radiant altar of Vehumet.
  3838 | D:5      | 3838 ||| Stepping ~*~*~tactically~*~*~ (stealth).
  3926 | D:5      | 3926 ||| INVOKING Fiery Armour.
  3926 | D:5      | HP: 3/43 [ogre/+0 giant club (19)]
  3927 | D:5      | Reached XP level 8. HP: 3/48 MP: 9/9
  4239 | D:5      | Reached skill level 7 in Axes
  4254 | D:5      | 4254 ||| INVOKING Fiery Armour.
  4342 | D:5      | 4342 ||| Stepping ~*~*~tactically~*~*~ (stealth).
  4394 | D:5      | Found a runed translucent door.
  4395 | D:5      | Noticed Crazy Yiuf
  4416 | D:5      | 4416 ||| Stepping ~*~*~tactically~*~*~ (stealth).
  4428 | D:5      | 4428 ||| Stepping ~*~*~tactically~*~*~ (stealth).
  4473 | D:5      | 4473 ||| INVOKING Fiery Armour.
  4724 | D:5      | 4724 ||| READING scroll labelled MUP JASMAFOAFE.
  4725 | D:5      | 4725 ||| READING scroll labelled OCUFROUNET.
  4734 | D:5      | 4734 ||| INVOKING Fiery Armour.
  4734 | D:5      | Killed Crazy Yiuf
  4735 | D:5      | Reached skill level 8 in Axes
  4833 | D:5      | 4833 ||| UPGRADING to +0 cloak.
  4838 | D:5      | 4838 ||| READING scroll labelled USHAUCW JIOSCH.
  4839 | D:5      | 4839 ||| DRINKING 2 blue potions.
  4840 | D:5      | 4840 ||| Stepping randomly (stuck).
  4842 | D:5      | 4842 ||| Stepping randomly (stuck).
  4844 | D:5      | 4844 ||| Stepping randomly (stuck).
  4845 | D:5      | 4845 ||| Stepping randomly (stuck).
  4846 | D:5      | 4846 ||| Stepping randomly (stuck).
  4848 | D:5      | 4848 ||| Stepping randomly (stuck).
  4849 | D:5      | 4849 ||| Stepping randomly (stuck).
  4851 | D:5      | 4851 ||| Stepping randomly (stuck).
  4853 | D:5      | 4853 ||| Stepping randomly (stuck).
  4854 | D:5      | 4854 ||| Stepping randomly (stuck).
  4856 | D:5      | 4856 ||| Stepping randomly (stuck).
  4857 | D:5      | 4857 ||| Stepping randomly (stuck).
  4859 | D:5      | 4859 ||| Stepping randomly (stuck).
  4861 | D:5      | 4861 ||| Stepping randomly (stuck).
  4863 | D:5      | 4863 ||| Stepping randomly (stuck).
  4865 | D:5      | 4865 ||| Stepping randomly (stuck).
  4866 | D:5      | 4866 ||| Stepping randomly (stuck).
  4867 | D:5      | 4867 ||| Stepping randomly (stuck).
  4869 | D:5      | 4869 ||| Stepping randomly (stuck).
  4870 | D:5      | 4870 ||| Stepping randomly (stuck).
  4872 | D:5      | 4872 ||| Stepping randomly (stuck).
  4874 | D:5      | 4874 ||| Stepping randomly (stuck).
  4876 | D:5      | 4876 ||| Stepping randomly (stuck).
  4878 | D:5      | 4878 ||| Stepping randomly (stuck).
  4880 | D:5      | 4880 ||| Stepping randomly (stuck).
  4882 | D:5      | 4882 ||| Stepping randomly (stuck).
  4883 | D:5      | 4883 ||| Stepping randomly (stuck).
  4885 | D:5      | 4885 ||| Stepping randomly (stuck).
  4887 | D:5      | 4887 ||| Stepping randomly (stuck).
  4888 | D:5      | 4888 ||| Stepping randomly (stuck).
  4890 | D:5      | 4890 ||| Stepping randomly (stuck).
  4892 | D:5      | 4892 ||| Stepping randomly (stuck).
  4893 | D:5      | 4893 ||| Stepping randomly (stuck).
  4895 | D:5      | 4895 ||| Stepping randomly (stuck).
  4896 | D:5      | 4896 ||| Stepping randomly (stuck).
  4898 | D:5      | 4898 ||| Stepping randomly (stuck).
  4899 | D:5      | 4899 ||| Stepping randomly (stuck).
  4900 | D:5      | 4900 ||| Stepping randomly (stuck).
  4901 | D:5      | 4901 ||| Stepping randomly (stuck).
  4903 | D:5      | 4903 ||| Stepping randomly (stuck).
  4905 | D:5      | 4905 ||| Stepping randomly (stuck).
  4906 | D:5      | 4906 ||| Stepping randomly (stuck).
  4907 | D:5      | 4907 ||| Stepping randomly (stuck).
  4909 | D:5      | 4909 ||| Stepping randomly (stuck).
  4910 | D:5      | 4910 ||| Stepping randomly (stuck).
  4912 | D:5      | 4912 ||| Stepping randomly (stuck).
  4914 | D:5      | 4914 ||| Stepping randomly (stuck).
  4915 | D:5      | 4915 ||| Stepping randomly (stuck).
  4916 | D:5      | 4916 ||| Stepping randomly (stuck).
  4918 | D:5      | 4918 ||| Stepping randomly (stuck).
  4920 | D:5      | 4920 ||| Stepping randomly (stuck).
  4922 | D:5      | 4922 ||| Stepping randomly (stuck).
  4924 | D:5      | 4924 ||| Stepping randomly (stuck).
  4925 | D:5      | 4925 ||| Stepping randomly (stuck).
  4927 | D:5      | 4927 ||| Stepping randomly (stuck).
  4929 | D:5      | 4929 ||| Stepping randomly (stuck).
  4930 | D:5      | 4930 ||| Stepping randomly (stuck).
  4932 | D:5      | 4932 ||| Stepping randomly (stuck).
  4934 | D:5      | 4934 ||| Stepping randomly (stuck).
  4935 | D:5      | 4935 ||| Stepping randomly (stuck).
  4937 | D:5      | 4937 ||| Stepping randomly (stuck).
  4938 | D:5      | 4938 ||| Stepping randomly (stuck).
  4940 | D:5      | 4940 ||| Stepping randomly (stuck).
  4942 | D:5      | 4942 ||| Stepping randomly (stuck).
  4944 | D:5      | 4944 ||| Stepping randomly (stuck).
  4946 | D:5      | 4946 ||| Stepping randomly (stuck).
  4947 | D:5      | 4947 ||| Stepping randomly (stuck).
  4948 | D:5      | 4948 ||| Stepping randomly (stuck).
  4949 | D:5      | 4949 ||| Stepping randomly (stuck).
  4950 | D:5      | 4950 ||| Stepping randomly (stuck).
  4952 | D:5      | 4952 ||| Stepping randomly (stuck).
  4953 | D:5      | 4953 ||| Stepping randomly (stuck).
  4955 | D:5      | 4955 ||| Stepping randomly (stuck).
  4956 | D:5      | 4956 ||| Stepping randomly (stuck).
  4957 | D:5      | 4957 ||| Stepping randomly (stuck).
  4959 | D:5      | 4959 ||| Stepping randomly (stuck).
  4960 | D:5      | 4960 ||| Stepping randomly (stuck).
  4962 | D:5      | 4962 ||| Stepping randomly (stuck).
  4964 | D:5      | 4964 ||| Stepping randomly (stuck).
  4966 | D:5      | 4966 ||| Stepping randomly (stuck).
  4968 | D:5      | 4968 ||| Stepping randomly (stuck).
  4969 | D:5      | 4969 ||| Stepping randomly (stuck).
  4971 | D:5      | 4971 ||| Stepping randomly (stuck).
  4973 | D:5      | 4973 ||| Stepping randomly (stuck).
  4974 | D:5      | 4974 ||| Stepping randomly (stuck).
  4975 | D:5      | 4975 ||| Stepping randomly (stuck).
  4976 | D:5      | 4976 ||| Stepping randomly (stuck).
  4977 | D:5      | 4977 ||| Stepping randomly (stuck).
  4979 | D:5      | 4979 ||| Stepping randomly (stuck).
  4981 | D:5      | 4981 ||| Stepping randomly (stuck).
  4982 | D:5      | 4982 ||| Stepping randomly (stuck).
  4984 | D:5      | 4984 ||| Stepping randomly (stuck).
  4986 | D:5      | 4986 ||| Stepping randomly (stuck).
  4987 | D:5      | 4987 ||| Stepping randomly (stuck).
  4988 | D:5      | 4988 ||| Stepping randomly (stuck).
  4990 | D:5      | 4990 ||| Stepping randomly (stuck).
  4991 | D:5      | 4991 ||| Stepping randomly (stuck).
  4993 | D:5      | 4993 ||| Stepping randomly (stuck).
  4995 | D:5      | 4995 ||| Stepping randomly (stuck).
  4997 | D:5      | 4997 ||| Stepping randomly (stuck).
  4998 | D:5      | 4998 ||| Stepping randomly (stuck).
  5000 | D:5      | 5000 ||| Stepping randomly (stuck).
  5002 | D:5      | 5002 ||| Stepping randomly (stuck).
  5003 | D:5      | 5003 ||| Stepping randomly (stuck).
  5005 | D:5      | 5005 ||| Stepping randomly (stuck).
  5007 | D:5      | 5007 ||| Stepping randomly (stuck).
  5009 | D:5      | 5009 ||| Stepping randomly (stuck).
  5011 | D:5      | 5011 ||| Stepping randomly (stuck).
  5013 | D:5      | 5013 ||| Stepping randomly (stuck).
  5014 | D:5      | 5014 ||| Stepping randomly (stuck).
  5016 | D:5      | 5016 ||| Stepping randomly (stuck).
  5017 | D:5      | 5017 ||| Stepping randomly (stuck).
  5019 | D:5      | 5019 ||| Stepping randomly (stuck).
  5021 | D:5      | 5021 ||| Stepping randomly (stuck).
  5022 | D:5      | 5022 ||| Stepping randomly (stuck).
  5024 | D:5      | 5024 ||| Stepping randomly (stuck).
  5025 | D:5      | 5025 ||| Stepping randomly (stuck).
  5027 | D:5      | 5027 ||| Stepping randomly (stuck).
  5028 | D:5      | 5028 ||| Stepping randomly (stuck).
  5029 | D:5      | 5029 ||| Stepping randomly (stuck).
  5030 | D:5      | 5030 ||| Stepping randomly (stuck).
  5031 | D:5      | 5031 ||| Stepping randomly (stuck).
  5032 | D:5      | 5032 ||| Stepping randomly (stuck).
  5033 | D:5      | 5033 ||| Stepping randomly (stuck).
  5034 | D:5      | 5034 ||| Stepping randomly (stuck).
  5036 | D:5      | 5036 ||| Stepping randomly (stuck).
  5038 | D:5      | 5038 ||| Stepping randomly (stuck).
  5039 | D:5      | 5039 ||| Stepping randomly (stuck).
  5041 | D:5      | 5041 ||| Stepping randomly (stuck).
  5043 | D:5      | 5043 ||| Stepping randomly (stuck).
  5045 | D:5      | 5045 ||| Stepping randomly (stuck).
  5047 | D:5      | 5047 ||| Stepping randomly (stuck).
  5048 | D:5      | 5048 ||| Stepping randomly (stuck).
  5050 | D:5      | 5050 ||| Stepping randomly (stuck).
  5051 | D:5      | 5051 ||| Stepping randomly (stuck).
  5052 | D:5      | 5052 ||| Stepping randomly (stuck).
  5053 | D:5      | 5053 ||| Stepping randomly (stuck).
  5055 | D:5      | 5055 ||| Stepping randomly (stuck).
  5057 | D:5      | 5057 ||| Stepping randomly (stuck).
  5059 | D:5      | 5059 ||| Stepping randomly (stuck).
  5061 | D:5      | 5061 ||| Stepping randomly (stuck).
  5062 | D:5      | 5062 ||| Stepping randomly (stuck).
  5063 | D:5      | 5063 ||| Stepping randomly (stuck).
  5064 | D:5      | 5064 ||| Stepping randomly (stuck).
  5066 | D:5      | 5066 ||| Stepping randomly (stuck).
  5067 | D:5      | 5067 ||| Stepping randomly (stuck).
  5069 | D:5      | 5069 ||| Stepping randomly (stuck).
  5070 | D:5      | 5070 ||| Stepping randomly (stuck).
  5072 | D:5      | 5072 ||| Stepping randomly (stuck).
  5074 | D:5      | 5074 ||| Stepping randomly (stuck).
  5075 | D:5      | 5075 ||| Stepping randomly (stuck).
  5077 | D:5      | 5077 ||| Stepping randomly (stuck).
  5078 | D:5      | 5078 ||| Stepping randomly (stuck).
  5080 | D:5      | 5080 ||| Stepping randomly (stuck).
  5082 | D:5      | 5082 ||| Stepping randomly (stuck).
  5084 | D:5      | 5084 ||| Stepping randomly (stuck).
  5086 | D:5      | 5086 ||| Stepping randomly (stuck).
  5087 | D:5      | 5087 ||| Stepping randomly (stuck).
  5089 | D:5      | 5089 ||| Stepping randomly (stuck).
  5091 | D:5      | 5091 ||| Stepping randomly (stuck).
  5093 | D:5      | 5093 ||| Stepping randomly (stuck).
  5095 | D:5      | 5095 ||| Stepping randomly (stuck).
  5097 | D:5      | 5097 ||| Stepping randomly (stuck).
  5099 | D:5      | 5099 ||| Stepping randomly (stuck).
  5101 | D:5      | 5101 ||| Stepping randomly (stuck).
  5103 | D:5      | 5103 ||| Stepping randomly (stuck).
  5104 | D:5      | 5104 ||| Stepping randomly (stuck).
  5105 | D:5      | 5105 ||| Stepping randomly (stuck).
  5106 | D:5      | 5106 ||| Stepping randomly (stuck).
  5107 | D:5      | 5107 ||| Stepping randomly (stuck).
  5108 | D:5      | 5108 ||| Stepping randomly (stuck).
  5110 | D:5      | 5110 ||| Stepping randomly (stuck).
  5111 | D:5      | 5111 ||| Stepping randomly (stuck).
  5112 | D:5      | 5112 ||| Stepping randomly (stuck).
  5114 | D:5      | 5114 ||| Stepping randomly (stuck).
  5116 | D:5      | 5116 ||| Stepping randomly (stuck).
  5118 | D:5      | 5118 ||| Stepping randomly (stuck).
  5119 | D:5      | 5119 ||| Stepping randomly (stuck).
  5121 | D:5      | 5121 ||| Stepping randomly (stuck).
  5123 | D:5      | 5123 ||| Stepping randomly (stuck).
  5124 | D:5      | 5124 ||| Stepping randomly (stuck).
  5126 | D:5      | 5126 ||| Stepping randomly (stuck).
  5127 | D:5      | 5127 ||| Stepping randomly (stuck).
  5129 | D:5      | 5129 ||| Stepping randomly (stuck).
  5130 | D:5      | 5130 ||| Stepping randomly (stuck).
  5132 | D:5      | 5132 ||| Stepping randomly (stuck).
  5134 | D:5      | 5134 ||| Stepping randomly (stuck).
  5136 | D:5      | 5136 ||| Stepping randomly (stuck).
  5138 | D:5      | 5138 ||| Stepping randomly (stuck).
  5139 | D:5      | 5139 ||| Stepping randomly (stuck).
  5141 | D:5      | 5141 ||| Stepping randomly (stuck).
  5143 | D:5      | 5143 ||| Stepping randomly (stuck).
  5145 | D:5      | 5145 ||| Stepping randomly (stuck).
  5147 | D:5      | 5147 ||| Stepping randomly (stuck).
  5148 | D:5      | 5148 ||| Stepping randomly (stuck).
  5150 | D:5      | 5150 ||| Stepping randomly (stuck).
  5151 | D:5      | 5151 ||| Stepping randomly (stuck).
  5153 | D:5      | 5153 ||| Stepping randomly (stuck).
  5155 | D:5      | 5155 ||| Stepping randomly (stuck).
  5156 | D:5      | 5156 ||| Stepping randomly (stuck).
  5158 | D:5      | 5158 ||| Stepping randomly (stuck).
  5160 | D:5      | 5160 ||| Stepping randomly (stuck).
  5162 | D:5      | 5162 ||| Stepping randomly (stuck).
  5164 | D:5      | 5164 ||| Stepping randomly (stuck).
  5166 | D:5      | 5166 ||| Stepping randomly (stuck).
  5167 | D:5      | 5167 ||| Stepping randomly (stuck).
  5169 | D:5      | 5169 ||| Stepping randomly (stuck).
  5170 | D:5      | 5170 ||| Stepping randomly (stuck).
  5171 | D:5      | 5171 ||| Stepping randomly (stuck).
  5173 | D:5      | 5173 ||| Stepping randomly (stuck).
  5174 | D:5      | 5174 ||| Stepping randomly (stuck).
  5176 | D:5      | 5176 ||| Stepping randomly (stuck).
  5177 | D:5      | 5177 ||| Stepping randomly (stuck).
  5179 | D:5      | 5179 ||| Stepping randomly (stuck).
  5181 | D:5      | 5181 ||| Stepping randomly (stuck).
  5183 | D:5      | 5183 ||| Stepping randomly (stuck).
  5185 | D:5      | 5185 ||| Stepping randomly (stuck).
  5186 | D:5      | 5186 ||| Stepping randomly (stuck).
  5187 | D:5      | 5187 ||| Stepping randomly (stuck).
  5188 | D:5      | 5188 ||| Stepping randomly (stuck).
  5190 | D:5      | 5190 ||| Stepping randomly (stuck).
  5191 | D:5      | 5191 ||| Stepping randomly (stuck).
  5193 | D:5      | 5193 ||| Stepping randomly (stuck).
  5194 | D:5      | 5194 ||| Stepping randomly (stuck).
  5196 | D:5      | 5196 ||| Stepping randomly (stuck).
  5197 | D:5      | 5197 ||| Stepping randomly (stuck).
  5198 | D:5      | 5198 ||| Stepping randomly (stuck).
  5200 | D:5      | 5200 ||| Stepping randomly (stuck).
  5202 | D:5      | 5202 ||| Stepping randomly (stuck).
  5203 | D:5      | 5203 ||| Stepping randomly (stuck).
  5205 | D:5      | 5205 ||| Stepping randomly (stuck).
  5206 | D:5      | 5206 ||| Stepping randomly (stuck).
  5207 | D:5      | 5207 ||| Stepping randomly (stuck).
  5209 | D:5      | 5209 ||| Stepping randomly (stuck).
  5211 | D:5      | 5211 ||| Stepping randomly (stuck).
  5213 | D:5      | 5213 ||| Stepping randomly (stuck).
  5215 | D:5      | 5215 ||| Stepping randomly (stuck).
  5217 | D:5      | 5217 ||| Stepping randomly (stuck).
  5218 | D:5      | 5218 ||| Stepping randomly (stuck).
  5220 | D:5      | 5220 ||| Stepping randomly (stuck).
  5222 | D:5      | 5222 ||| Stepping randomly (stuck).
  5224 | D:5      | 5224 ||| Stepping randomly (stuck).
  5225 | D:5      | 5225 ||| Stepping randomly (stuck).
  5226 | D:5      | 5226 ||| Stepping randomly (stuck).
  5227 | D:5      | 5227 ||| Stepping randomly (stuck).
  5229 | D:5      | 5229 ||| Stepping randomly (stuck).
  5231 | D:5      | 5231 ||| Stepping randomly (stuck).
  5233 | D:5      | 5233 ||| Stepping randomly (stuck).
  5235 | D:5      | 5235 ||| Stepping randomly (stuck).
  5236 | D:5      | 5236 ||| Stepping randomly (stuck).
  5238 | D:5      | 5238 ||| Stepping randomly (stuck).
  5240 | D:5      | 5240 ||| Stepping randomly (stuck).
  5242 | D:5      | 5242 ||| Stepping randomly (stuck).
  5244 | D:5      | 5244 ||| Stepping randomly (stuck).
  5246 | D:5      | 5246 ||| Stepping randomly (stuck).
  5248 | D:5      | 5248 ||| Stepping randomly (stuck).
  5250 | D:5      | 5250 ||| Stepping randomly (stuck).
  5251 | D:5      | 5251 ||| Stepping randomly (stuck).
  5253 | D:5      | 5253 ||| Stepping randomly (stuck).
  5254 | D:5      | 5254 ||| Stepping randomly (stuck).
  5255 | D:5      | 5255 ||| Stepping randomly (stuck).
  5256 | D:5      | 5256 ||| Stepping randomly (stuck).
  5257 | D:5      | 5257 ||| Stepping randomly (stuck).
  5258 | D:5      | 5258 ||| Stepping randomly (stuck).
  5260 | D:5      | 5260 ||| Stepping randomly (stuck).
  5261 | D:5      | 5261 ||| Stepping randomly (stuck).
  5263 | D:5      | 5263 ||| Stepping randomly (stuck).
  5265 | D:5      | 5265 ||| Stepping randomly (stuck).
  5267 | D:5      | 5267 ||| Stepping randomly (stuck).
  5268 | D:5      | 5268 ||| Stepping randomly (stuck).
  5269 | D:5      | 5269 ||| Stepping randomly (stuck).
  5270 | D:5      | 5270 ||| Stepping randomly (stuck).
  5271 | D:5      | 5271 ||| Stepping randomly (stuck).
  5273 | D:5      | 5273 ||| Stepping randomly (stuck).
  5274 | D:5      | 5274 ||| Stepping randomly (stuck).
  5276 | D:5      | 5276 ||| Stepping randomly (stuck).
  5277 | D:5      | 5277 ||| Stepping randomly (stuck).
  5278 | D:5      | 5278 ||| Stepping randomly (stuck).
  5279 | D:5      | 5279 ||| Stepping randomly (stuck).
  5281 | D:5      | 5281 ||| Stepping randomly (stuck).
  5282 | D:5      | 5282 ||| Stepping randomly (stuck).
  5284 | D:5      | 5284 ||| Stepping randomly (stuck).
  5286 | D:5      | 5286 ||| Stepping randomly (stuck).
  5288 | D:5      | 5288 ||| Stepping randomly (stuck).
  5289 | D:5      | 5289 ||| Stepping randomly (stuck).
  5290 | D:5      | 5290 ||| Stepping randomly (stuck).
  5292 | D:5      | 5292 ||| Stepping randomly (stuck).
  5293 | D:5      | 5293 ||| Stepping randomly (stuck).
  5295 | D:5      | 5295 ||| Stepping randomly (stuck).
  5297 | D:5      | 5297 ||| Stepping randomly (stuck).
  5298 | D:5      | 5298 ||| Stepping randomly (stuck).
  5300 | D:5      | 5300 ||| Stepping randomly (stuck).
  5301 | D:5      | 5301 ||| Stepping randomly (stuck).
  5303 | D:5      | 5303 ||| Stepping randomly (stuck).
  5304 | D:5      | 5304 ||| Stepping randomly (stuck).
  5306 | D:5      | 5306 ||| Stepping randomly (stuck).
  5307 | D:5      | 5307 ||| Stepping randomly (stuck).
  5309 | D:5      | 5309 ||| Stepping randomly (stuck).
  5311 | D:5      | 5311 ||| Stepping randomly (stuck).
  5312 | D:5      | 5312 ||| Stepping randomly (stuck).
  5313 | D:5      | 5313 ||| Stepping randomly (stuck).
  5315 | D:5      | 5315 ||| Stepping randomly (stuck).
  5317 | D:5      | 5317 ||| Stepping randomly (stuck).
  5319 | D:5      | 5319 ||| Stepping randomly (stuck).
  5321 | D:5      | 5321 ||| Stepping randomly (stuck).
  5323 | D:5      | 5323 ||| Stepping randomly (stuck).
  5325 | D:5      | 5325 ||| Stepping randomly (stuck).
  5327 | D:5      | 5327 ||| Stepping randomly (stuck).
  5328 | D:5      | 5328 ||| Stepping randomly (stuck).
  5330 | D:5      | 5330 ||| Stepping randomly (stuck).
  5331 | D:5      | 5331 ||| Stepping randomly (stuck).
  5332 | D:5      | 5332 ||| Stepping randomly (stuck).
  5333 | D:5      | 5333 ||| Stepping randomly (stuck).
  5334 | D:5      | 5334 ||| Stepping randomly (stuck).
  5336 | D:5      | 5336 ||| Stepping randomly (stuck).
  5338 | D:5      | 5338 ||| Stepping randomly (stuck).
  5340 | D:5      | 5340 ||| Stepping randomly (stuck).
  5341 | D:5      | 5341 ||| Stepping randomly (stuck).
  5343 | D:5      | 5343 ||| Stepping randomly (stuck).
  5345 | D:5      | 5345 ||| Stepping randomly (stuck).
  5347 | D:5      | 5347 ||| Stepping randomly (stuck).
  5349 | D:5      | 5349 ||| Stepping randomly (stuck).
  5350 | D:5      | 5350 ||| Stepping randomly (stuck).
  5352 | D:5      | 5352 ||| Stepping randomly (stuck).
  5354 | D:5      | 5354 ||| Stepping randomly (stuck).
  5355 | D:5      | 5355 ||| Stepping randomly (stuck).
  5356 | D:5      | 5356 ||| Stepping randomly (stuck).
  5357 | D:5      | 5357 ||| Stepping randomly (stuck).
  5359 | D:5      | 5359 ||| Stepping randomly (stuck).
  5361 | D:5      | 5361 ||| Stepping randomly (stuck).
  5363 | D:5      | 5363 ||| Stepping randomly (stuck).
  5365 | D:5      | 5365 ||| Stepping randomly (stuck).
  5366 | D:5      | 5366 ||| Stepping randomly (stuck).
  5367 | D:5      | 5367 ||| Stepping randomly (stuck).
  5369 | D:5      | 5369 ||| Stepping randomly (stuck).
  5371 | D:5      | 5371 ||| Stepping randomly (stuck).
  5373 | D:5      | 5373 ||| Stepping randomly (stuck).
  5374 | D:5      | 5374 ||| Stepping randomly (stuck).
  5376 | D:5      | 5376 ||| Stepping randomly (stuck).
  5378 | D:5      | 5378 ||| Stepping randomly (stuck).
  5380 | D:5      | 5380 ||| Stepping randomly (stuck).
  5382 | D:5      | 5382 ||| Stepping randomly (stuck).
  5383 | D:5      | 5383 ||| Stepping randomly (stuck).
  5385 | D:5      | 5385 ||| Stepping randomly (stuck).
  5386 | D:5      | 5386 ||| Stepping randomly (stuck).
  5388 | D:5      | 5388 ||| Stepping randomly (stuck).
  5390 | D:5      | 5390 ||| Stepping randomly (stuck).
  5391 | D:5      | 5391 ||| Stepping randomly (stuck).
  5393 | D:5      | 5393 ||| Stepping randomly (stuck).
  5395 | D:5      | 5395 ||| Stepping randomly (stuck).
  5397 | D:5      | 5397 ||| Stepping randomly (stuck).
  5398 | D:5      | 5398 ||| Stepping randomly (stuck).
  5400 | D:5      | 5400 ||| Stepping randomly (stuck).
  5402 | D:5      | 5402 ||| Stepping randomly (stuck).
  5403 | D:5      | 5403 ||| Stepping randomly (stuck).
  5404 | D:5      | 5404 ||| Stepping randomly (stuck).
  5406 | D:5      | 5406 ||| Stepping randomly (stuck).
  5408 | D:5      | 5408 ||| Stepping randomly (stuck).
  5410 | D:5      | 5410 ||| Stepping randomly (stuck).
  5412 | D:5      | 5412 ||| Stepping randomly (stuck).
  5414 | D:5      | 5414 ||| Stepping randomly (stuck).
  5416 | D:5      | 5416 ||| Stepping randomly (stuck).
  5417 | D:5      | 5417 ||| Stepping randomly (stuck).
  5419 | D:5      | 5419 ||| Stepping randomly (stuck).
  5421 | D:5      | 5421 ||| Stepping randomly (stuck).
  5422 | D:5      | 5422 ||| Stepping randomly (stuck).
  5424 | D:5      | 5424 ||| Stepping randomly (stuck).
  5425 | D:5      | 5425 ||| Stepping randomly (stuck).
  5427 | D:5      | 5427 ||| Stepping randomly (stuck).
  5429 | D:5      | 5429 ||| Stepping randomly (stuck).
  5430 | D:5      | 5430 ||| Stepping randomly (stuck).
  5431 | D:5      | 5431 ||| Stepping randomly (stuck).
  5432 | D:5      | 5432 ||| Stepping randomly (stuck).
  5434 | D:5      | 5434 ||| Stepping randomly (stuck).
  5436 | D:5      | 5436 ||| Stepping randomly (stuck).
  5437 | D:5      | 5437 ||| Stepping randomly (stuck).
  5439 | D:5      | 5439 ||| Stepping randomly (stuck).
  5440 | D:5      | 5440 ||| Stepping randomly (stuck).
  5441 | D:5      | 5441 ||| Stepping randomly (stuck).
  5443 | D:5      | 5443 ||| Stepping randomly (stuck).
  5445 | D:5      | 5445 ||| Stepping randomly (stuck).
  5447 | D:5      | 5447 ||| Stepping randomly (stuck).
  5448 | D:5      | 5448 ||| Stepping randomly (stuck).
  5450 | D:5      | 5450 ||| Stepping randomly (stuck).
  5452 | D:5      | 5452 ||| Stepping randomly (stuck).
  5454 | D:5      | 5454 ||| Stepping randomly (stuck).
  5456 | D:5      | 5456 ||| Stepping randomly (stuck).
  5458 | D:5      | 5458 ||| Stepping randomly (stuck).
  5459 | D:5      | 5459 ||| Stepping randomly (stuck).
  5460 | D:5      | 5460 ||| Stepping randomly (stuck).
  5462 | D:5      | 5462 ||| Stepping randomly (stuck).
  5464 | D:5      | 5464 ||| Stepping randomly (stuck).
  5465 | D:5      | 5465 ||| Stepping randomly (stuck).
  5467 | D:5      | 5467 ||| Stepping randomly (stuck).
  5469 | D:5      | 5469 ||| Stepping randomly (stuck).
  5471 | D:5      | 5471 ||| Stepping randomly (stuck).
  5472 | D:5      | 5472 ||| Stepping randomly (stuck).
  5474 | D:5      | 5474 ||| Stepping randomly (stuck).
  5476 | D:5      | 5476 ||| Stepping randomly (stuck).
  5478 | D:5      | 5478 ||| Stepping randomly (stuck).
  5479 | D:5      | 5479 ||| Stepping randomly (stuck).
  5480 | D:5      | 5480 ||| Stepping randomly (stuck).
  5481 | D:5      | 5481 ||| Stepping randomly (stuck).
  5482 | D:5      | 5482 ||| Stepping randomly (stuck).
  5483 | D:5      | 5483 ||| Stepping randomly (stuck).
  5484 | D:5      | 5484 ||| Stepping randomly (stuck).
  5485 | D:5      | 5485 ||| Stepping randomly (stuck).
  5487 | D:5      | 5487 ||| Stepping randomly (stuck).
  5489 | D:5      | 5489 ||| Stepping randomly (stuck).
  5491 | D:5      | 5491 ||| Stepping randomly (stuck).
  5492 | D:5      | 5492 ||| Stepping randomly (stuck).
  5493 | D:5      | 5493 ||| Stepping randomly (stuck).
  5494 | D:5      | 5494 ||| Stepping randomly (stuck).
  5496 | D:5      | 5496 ||| Stepping randomly (stuck).
  5498 | D:5      | 5498 ||| Stepping randomly (stuck).
  5500 | D:5      | 5500 ||| Stepping randomly (stuck).
  5502 | D:5      | 5502 ||| Stepping randomly (stuck).
  5503 | D:5      | 5503 ||| Stepping randomly (stuck).
  5505 | D:5      | 5505 ||| Stepping randomly (stuck).
  5506 | D:5      | 5506 ||| Stepping randomly (stuck).
  5508 | D:5      | 5508 ||| Stepping randomly (stuck).
  5510 | D:5      | 5510 ||| Stepping randomly (stuck).
  5512 | D:5      | 5512 ||| Stepping randomly (stuck).
  5513 | D:5      | 5513 ||| Stepping randomly (stuck).
  5515 | D:5      | 5515 ||| Stepping randomly (stuck).
  5517 | D:5      | 5517 ||| Stepping randomly (stuck).
  5519 | D:5      | 5519 ||| Stepping randomly (stuck).
  5521 | D:5      | 5521 ||| Stepping randomly (stuck).
  5523 | D:5      | 5523 ||| Stepping randomly (stuck).
  5524 | D:5      | 5524 ||| Stepping randomly (stuck).
  5525 | D:5      | 5525 ||| Stepping randomly (stuck).
  5526 | D:5      | 5526 ||| Stepping randomly (stuck).
  5528 | D:5      | 5528 ||| Stepping randomly (stuck).
  5529 | D:5      | 5529 ||| Stepping randomly (stuck).
  5530 | D:5      | 5530 ||| Stepping randomly (stuck).
  5531 | D:5      | 5531 ||| Stepping randomly (stuck).
  5533 | D:5      | 5533 ||| Stepping randomly (stuck).
  5535 | D:5      | 5535 ||| Stepping randomly (stuck).
  5537 | D:5      | 5537 ||| Stepping randomly (stuck).
  5538 | D:5      | 5538 ||| Stepping randomly (stuck).
  5540 | D:5      | 5540 ||| Stepping randomly (stuck).
  5542 | D:5      | 5542 ||| Stepping randomly (stuck).
  5543 | D:5      | 5543 ||| Stepping randomly (stuck).
  5544 | D:5      | 5544 ||| Stepping randomly (stuck).
  5546 | D:5      | 5546 ||| Stepping randomly (stuck).
  5548 | D:5      | 5548 ||| Stepping randomly (stuck).
  5550 | D:5      | 5550 ||| Stepping randomly (stuck).
  5552 | D:5      | 5552 ||| Stepping randomly (stuck).
  5553 | D:5      | 5553 ||| Stepping randomly (stuck).
  5555 | D:5      | 5555 ||| Stepping randomly (stuck).
  5557 | D:5      | 5557 ||| Stepping randomly (stuck).
  5559 | D:5      | 5559 ||| Stepping randomly (stuck).
  5560 | D:5      | 5560 ||| Stepping randomly (stuck).
  5561 | D:5      | 5561 ||| Stepping randomly (stuck).
  5562 | D:5      | 5562 ||| Stepping randomly (stuck).
  5564 | D:5      | 5564 ||| Stepping randomly (stuck).
  5566 | D:5      | 5566 ||| Stepping randomly (stuck).
  5568 | D:5      | 5568 ||| Stepping randomly (stuck).
  5570 | D:5      | 5570 ||| Stepping randomly (stuck).
  5572 | D:5      | 5572 ||| Stepping randomly (stuck).
  5573 | D:5      | 5573 ||| Stepping randomly (stuck).
  5574 | D:5      | 5574 ||| Stepping randomly (stuck).
  5576 | D:5      | 5576 ||| Stepping randomly (stuck).
  5578 | D:5      | 5578 ||| Stepping randomly (stuck).
  5580 | D:5      | 5580 ||| Stepping randomly (stuck).
  5582 | D:5      | 5582 ||| Stepping randomly (stuck).
  5584 | D:5      | 5584 ||| Stepping randomly (stuck).
  5585 | D:5      | 5585 ||| Stepping randomly (stuck).
  5587 | D:5      | 5587 ||| Stepping randomly (stuck).
  5589 | D:5      | 5589 ||| Stepping randomly (stuck).
  5590 | D:5      | 5590 ||| Stepping randomly (stuck).
  5592 | D:5      | 5592 ||| Stepping randomly (stuck).
  5593 | D:5      | 5593 ||| Stepping randomly (stuck).
  5595 | D:5      | 5595 ||| Stepping randomly (stuck).
  5597 | D:5      | 5597 ||| Stepping randomly (stuck).
  5599 | D:5      | 5599 ||| Stepping randomly (stuck).
  5601 | D:5      | 5601 ||| Stepping randomly (stuck).
  5602 | D:5      | 5602 ||| Stepping randomly (stuck).
  5604 | D:5      | 5604 ||| Stepping randomly (stuck).
  5606 | D:5      | 5606 ||| Stepping randomly (stuck).
  5608 | D:5      | 5608 ||| Stepping randomly (stuck).
  5610 | D:5      | 5610 ||| Stepping randomly (stuck).
  5612 | D:5      | 5612 ||| Stepping randomly (stuck).
  5613 | D:5      | 5613 ||| Stepping randomly (stuck).
  5615 | D:5      | 5615 ||| Stepping randomly (stuck).
  5616 | D:5      | 5616 ||| Stepping randomly (stuck).
  5618 | D:5      | 5618 ||| Stepping randomly (stuck).
  5619 | D:5      | 5619 ||| Stepping randomly (stuck).
  5621 | D:5      | 5621 ||| Stepping randomly (stuck).
  5623 | D:5      | 5623 ||| Stepping randomly (stuck).
  5624 | D:5      | 5624 ||| Stepping randomly (stuck).
  5625 | D:5      | 5625 ||| Stepping randomly (stuck).
  5627 | D:5      | 5627 ||| Stepping randomly (stuck).
  5629 | D:5      | 5629 ||| Stepping randomly (stuck).
  5630 | D:5      | 5630 ||| Stepping randomly (stuck).
  5631 | D:5      | 5631 ||| Stepping randomly (stuck).
  5633 | D:5      | 5633 ||| Stepping randomly (stuck).
  5634 | D:5      | 5634 ||| Stepping randomly (stuck).
  5635 | D:5      | 5635 ||| Stepping randomly (stuck).
  5636 | D:5      | 5636 ||| Stepping randomly (stuck).
  5637 | D:5      | 5637 ||| Stepping randomly (stuck).
  5639 | D:5      | 5639 ||| Stepping randomly (stuck).
  5641 | D:5      | 5641 ||| Stepping randomly (stuck).
  5643 | D:5      | 5643 ||| Stepping randomly (stuck).
  5645 | D:5      | 5645 ||| Stepping randomly (stuck).
  5647 | D:5      | 5647 ||| Stepping randomly (stuck).
  5649 | D:5      | 5649 ||| Stepping randomly (stuck).
  5651 | D:5      | 5651 ||| Stepping randomly (stuck).
  5653 | D:5      | 5653 ||| Stepping randomly (stuck).
  5654 | D:5      | 5654 ||| Stepping randomly (stuck).
  5656 | D:5      | 5656 ||| Stepping randomly (stuck).
  5657 | D:5      | 5657 ||| Stepping randomly (stuck).
  5659 | D:5      | 5659 ||| Stepping randomly (stuck).
  5660 | D:5      | 5660 ||| Stepping randomly (stuck).
  5662 | D:5      | 5662 ||| Stepping randomly (stuck).
  5663 | D:5      | 5663 ||| Stepping randomly (stuck).
  5665 | D:5      | 5665 ||| Stepping randomly (stuck).
  5666 | D:5      | 5666 ||| Stepping randomly (stuck).
  5668 | D:5      | 5668 ||| Stepping randomly (stuck).
  5669 | D:5      | 5669 ||| Stepping randomly (stuck).
  5670 | D:5      | 5670 ||| Stepping randomly (stuck).
  5672 | D:5      | 5672 ||| Stepping randomly (stuck).
  5674 | D:5      | 5674 ||| Stepping randomly (stuck).
  5676 | D:5      | 5676 ||| Stepping randomly (stuck).
  5677 | D:5      | 5677 ||| Stepping randomly (stuck).
  5678 | D:5      | 5678 ||| Stepping randomly (stuck).
  5680 | D:5      | 5680 ||| Stepping randomly (stuck).
  5682 | D:5      | 5682 ||| Stepping randomly (stuck).
  5684 | D:5      | 5684 ||| Stepping randomly (stuck).
  5685 | D:5      | 5685 ||| Stepping randomly (stuck).
  5687 | D:5      | 5687 ||| Stepping randomly (stuck).
  5688 | D:5      | 5688 ||| Stepping randomly (stuck).
  5690 | D:5      | 5690 ||| Stepping randomly (stuck).
  5691 | D:5      | 5691 ||| Stepping randomly (stuck).
  5693 | D:5      | 5693 ||| Stepping randomly (stuck).
  5694 | D:5      | 5694 ||| Stepping randomly (stuck).
  5696 | D:5      | 5696 ||| Stepping randomly (stuck).
  5697 | D:5      | 5697 ||| Stepping randomly (stuck).
  5698 | D:5      | 5698 ||| Stepping randomly (stuck).
  5700 | D:5      | 5700 ||| Stepping randomly (stuck).
  5702 | D:5      | 5702 ||| Stepping randomly (stuck).
  5704 | D:5      | 5704 ||| Stepping randomly (stuck).
  5706 | D:5      | 5706 ||| Stepping randomly (stuck).
  5708 | D:5      | 5708 ||| Stepping randomly (stuck).
  5710 | D:5      | 5710 ||| Stepping randomly (stuck).
  5712 | D:5      | 5712 ||| Stepping randomly (stuck).
  5714 | D:5      | 5714 ||| Stepping randomly (stuck).
  5716 | D:5      | 5716 ||| Stepping randomly (stuck).
  5717 | D:5      | 5717 ||| Stepping randomly (stuck).
  5718 | D:5      | 5718 ||| Stepping randomly (stuck).
  5719 | D:5      | 5719 ||| Stepping randomly (stuck).
  5720 | D:5      | 5720 ||| Stepping randomly (stuck).
  5721 | D:5      | 5721 ||| Stepping randomly (stuck).
  5722 | D:5      | 5722 ||| Stepping randomly (stuck).
  5723 | D:5      | 5723 ||| Stepping randomly (stuck).
  5725 | D:5      | 5725 ||| Stepping randomly (stuck).
  5726 | D:5      | 5726 ||| Stepping randomly (stuck).
  5728 | D:5      | 5728 ||| Stepping randomly (stuck).
  5730 | D:5      | 5730 ||| Stepping randomly (stuck).
  5732 | D:5      | 5732 ||| Stepping randomly (stuck).
  5734 | D:5      | 5734 ||| Stepping randomly (stuck).
  5735 | D:5      | 5735 ||| Stepping randomly (stuck).
  5737 | D:5      | 5737 ||| Stepping randomly (stuck).
  5739 | D:5      | 5739 ||| Stepping randomly (stuck).
  5740 | D:5      | 5740 ||| Stepping randomly (stuck).
  5742 | D:5      | 5742 ||| Stepping randomly (stuck).
  5743 | D:5      | 5743 ||| Stepping randomly (stuck).
  5744 | D:5      | 5744 ||| Stepping randomly (stuck).
  5746 | D:5      | 5746 ||| Stepping randomly (stuck).
  5748 | D:5      | 5748 ||| Stepping randomly (stuck).
  5750 | D:5      | 5750 ||| Stepping randomly (stuck).
  5752 | D:5      | 5752 ||| Stepping randomly (stuck).
  5753 | D:5      | 5753 ||| Stepping randomly (stuck).
  5754 | D:5      | 5754 ||| Stepping randomly (stuck).
  5755 | D:5      | 5755 ||| Stepping randomly (stuck).
  5757 | D:5      | 5757 ||| Stepping randomly (stuck).
  5758 | D:5      | 5758 ||| Stepping randomly (stuck).
  5759 | D:5      | 5759 ||| Stepping randomly (stuck).
  5760 | D:5      | 5760 ||| Stepping randomly (stuck).
  5761 | D:5      | 5761 ||| Stepping randomly (stuck).
  5762 | D:5      | 5762 ||| Stepping randomly (stuck).
  5763 | D:5      | 5763 ||| Stepping randomly (stuck).
  5764 | D:5      | 5764 ||| Stepping randomly (stuck).
  5765 | D:5      | 5765 ||| Stepping randomly (stuck).
  5766 | D:5      | 5766 ||| Stepping randomly (stuck).
  5768 | D:5      | 5768 ||| Stepping randomly (stuck).
  5769 | D:5      | 5769 ||| Stepping randomly (stuck).
  5771 | D:5      | 5771 ||| Stepping randomly (stuck).
  5773 | D:5      | 5773 ||| Stepping randomly (stuck).
  5775 | D:5      | 5775 ||| Stepping randomly (stuck).
  5777 | D:5      | 5777 ||| Stepping randomly (stuck).
  5778 | D:5      | 5778 ||| Stepping randomly (stuck).
  5780 | D:5      | 5780 ||| Stepping randomly (stuck).
  5782 | D:5      | 5782 ||| Stepping randomly (stuck).
  5784 | D:5      | 5784 ||| Stepping randomly (stuck).
  5785 | D:5      | 5785 ||| Stepping randomly (stuck).
  5786 | D:5      | 5786 ||| Stepping randomly (stuck).
  5788 | D:5      | 5788 ||| Stepping randomly (stuck).
  5790 | D:5      | 5790 ||| Stepping randomly (stuck).
  5791 | D:5      | 5791 ||| Stepping randomly (stuck).
  5792 | D:5      | 5792 ||| Stepping randomly (stuck).
  5794 | D:5      | 5794 ||| Stepping randomly (stuck).
  5796 | D:5      | 5796 ||| Stepping randomly (stuck).
  5798 | D:5      | 5798 ||| Stepping randomly (stuck).
  5799 | D:5      | 5799 ||| Stepping randomly (stuck).
  5800 | D:5      | 5800 ||| Stepping randomly (stuck).
  5802 | D:5      | 5802 ||| Stepping randomly (stuck).
  5803 | D:5      | 5803 ||| Stepping randomly (stuck).
  5805 | D:5      | 5805 ||| Stepping randomly (stuck).
  5807 | D:5      | 5807 ||| Stepping randomly (stuck).
  5809 | D:5      | 5809 ||| Stepping randomly (stuck).
  5811 | D:5      | 5811 ||| Stepping randomly (stuck).
  5813 | D:5      | 5813 ||| Stepping randomly (stuck).
  5815 | D:5      | 5815 ||| Stepping randomly (stuck).
  5817 | D:5      | 5817 ||| Stepping randomly (stuck).
  5818 | D:5      | 5818 ||| Stepping randomly (stuck).
  5820 | D:5      | 5820 ||| Stepping randomly (stuck).
  5821 | D:5      | 5821 ||| Stepping randomly (stuck).
  5822 | D:5      | 5822 ||| Stepping randomly (stuck).
  5823 | D:5      | 5823 ||| Stepping randomly (stuck).
  5825 | D:5      | 5825 ||| Stepping randomly (stuck).
  5826 | D:5      | 5826 ||| Stepping randomly (stuck).
  5828 | D:5      | 5828 ||| Stepping randomly (stuck).
  5830 | D:5      | 5830 ||| Stepping randomly (stuck).
  5832 | D:5      | 5832 ||| Stepping randomly (stuck).
  5834 | D:5      | 5834 ||| Stepping randomly (stuck).
  5836 | D:5      | 5836 ||| Stepping randomly (stuck).
  5838 | D:5      | 5838 ||| Stepping randomly (stuck).
  5839 | D:5      | 5839 ||| Stepping randomly (stuck).
  5841 | D:5      | 5841 ||| Stepping randomly (stuck).
  5842 | D:5      | 5842 ||| Stepping randomly (stuck).
  5844 | D:5      | 5844 ||| Stepping randomly (stuck).
  5846 | D:5      | 5846 ||| Stepping randomly (stuck).
  5848 | D:5      | 5848 ||| Stepping randomly (stuck).
  5849 | D:5      | 5849 ||| Stepping randomly (stuck).
  5851 | D:5      | 5851 ||| Stepping randomly (stuck).
  5852 | D:5      | 5852 ||| Stepping randomly (stuck).
  5854 | D:5      | 5854 ||| Stepping randomly (stuck).
  5855 | D:5      | 5855 ||| Stepping randomly (stuck).
  5857 | D:5      | 5857 ||| Stepping randomly (stuck).
  5859 | D:5      | 5859 ||| Stepping randomly (stuck).
  5860 | D:5      | 5860 ||| Stepping randomly (stuck).
  5862 | D:5      | 5862 ||| Stepping randomly (stuck).
  5864 | D:5      | 5864 ||| Stepping randomly (stuck).
  5866 | D:5      | 5866 ||| Stepping randomly (stuck).
  5868 | D:5      | 5868 ||| Stepping randomly (stuck).
  5870 | D:5      | 5870 ||| Stepping randomly (stuck).
  5871 | D:5      | 5871 ||| Stepping randomly (stuck).
  5873 | D:5      | 5873 ||| Stepping randomly (stuck).
  5874 | D:5      | 5874 ||| Stepping randomly (stuck).
  5875 | D:5      | 5875 ||| Stepping randomly (stuck).
  5877 | D:5      | 5877 ||| Stepping randomly (stuck).
  5878 | D:5      | 5878 ||| Stepping randomly (stuck).
  5880 | D:5      | 5880 ||| Stepping randomly (stuck).
  5881 | D:5      | 5881 ||| Stepping randomly (stuck).
  5883 | D:5      | 5883 ||| Stepping randomly (stuck).
  5884 | D:5      | 5884 ||| Stepping randomly (stuck).
  5885 | D:5      | 5885 ||| Stepping randomly (stuck).
  5887 | D:5      | 5887 ||| Stepping randomly (stuck).
  5888 | D:5      | 5888 ||| Stepping randomly (stuck).
  5890 | D:5      | 5890 ||| Stepping randomly (stuck).
  5892 | D:5      | 5892 ||| Stepping randomly (stuck).
  5894 | D:5      | 5894 ||| Stepping randomly (stuck).
  5896 | D:5      | 5896 ||| Stepping randomly (stuck).
  5897 | D:5      | 5897 ||| Stepping randomly (stuck).
  5899 | D:5      | 5899 ||| Stepping randomly (stuck).
  5901 | D:5      | 5901 ||| Stepping randomly (stuck).
  5902 | D:5      | 5902 ||| Stepping randomly (stuck).
  5904 | D:5      | 5904 ||| Stepping randomly (stuck).
  5906 | D:5      | 5906 ||| Stepping randomly (stuck).
  5907 | D:5      | 5907 ||| Stepping randomly (stuck).
  5908 | D:5      | 5908 ||| Stepping randomly (stuck).
  5910 | D:5      | 5910 ||| Stepping randomly (stuck).
  5912 | D:5      | 5912 ||| Stepping randomly (stuck).
  5913 | D:5      | 5913 ||| Stepping randomly (stuck).
  5915 | D:5      | 5915 ||| Stepping randomly (stuck).
  5917 | D:5      | 5917 ||| Stepping randomly (stuck).
  5918 | D:5      | 5918 ||| Stepping randomly (stuck).
  5920 | D:5      | 5920 ||| Stepping randomly (stuck).
  5921 | D:5      | 5921 ||| Stepping randomly (stuck).
  5923 | D:5      | 5923 ||| Stepping randomly (stuck).
  5924 | D:5      | 5924 ||| Stepping randomly (stuck).
  5926 | D:5      | 5926 ||| Stepping randomly (stuck).
  5927 | D:5      | 5927 ||| Stepping randomly (stuck).
  5929 | D:5      | 5929 ||| Stepping randomly (stuck).
  5931 | D:5      | 5931 ||| Stepping randomly (stuck).
  5933 | D:5      | 5933 ||| Stepping randomly (stuck).
  5935 | D:5      | 5935 ||| Stepping randomly (stuck).
  5937 | D:5      | 5937 ||| Stepping randomly (stuck).
  5938 | D:5      | 5938 ||| Stepping randomly (stuck).
  5940 | D:5      | 5940 ||| Stepping randomly (stuck).
  5941 | D:5      | 5941 ||| Stepping randomly (stuck).
  5943 | D:5      | 5943 ||| Stepping randomly (stuck).
  5944 | D:5      | 5944 ||| Stepping randomly (stuck).
  5946 | D:5      | 5946 ||| Stepping randomly (stuck).
  5948 | D:5      | 5948 ||| Stepping randomly (stuck).
  5949 | D:5      | 5949 ||| Stepping randomly (stuck).
  5950 | D:5      | 5950 ||| Stepping randomly (stuck).
  5951 | D:5      | 5951 ||| Stepping randomly (stuck).
  5953 | D:5      | 5953 ||| Stepping randomly (stuck).
  5955 | D:5      | 5955 ||| Stepping randomly (stuck).
  5957 | D:5      | 5957 ||| Stepping randomly (stuck).
  5959 | D:5      | 5959 ||| Stepping randomly (stuck).
  5961 | D:5      | 5961 ||| Stepping randomly (stuck).
  5962 | D:5      | 5962 ||| Stepping randomly (stuck).
  5963 | D:5      | 5963 ||| Stepping randomly (stuck).
  5965 | D:5      | 5965 ||| Stepping randomly (stuck).
  5967 | D:5      | 5967 ||| Stepping randomly (stuck).
  5968 | D:5      | 5968 ||| Stepping randomly (stuck).
  5969 | D:5      | 5969 ||| Stepping randomly (stuck).
  5970 | D:5      | 5970 ||| Stepping randomly (stuck).
  5971 | D:5      | 5971 ||| Stepping randomly (stuck).
  5973 | D:5      | 5973 ||| Stepping randomly (stuck).
  5975 | D:5      | 5975 ||| Stepping randomly (stuck).
  5977 | D:5      | 5977 ||| Stepping randomly (stuck).
  5979 | D:5      | 5979 ||| Stepping randomly (stuck).
  5980 | D:5      | 5980 ||| Stepping randomly (stuck).
  5981 | D:5      | 5981 ||| Stepping randomly (stuck).
  5982 | D:5      | 5982 ||| Stepping randomly (stuck).
  5983 | D:5      | 5983 ||| Stepping randomly (stuck).
  5985 | D:5      | 5985 ||| Stepping randomly (stuck).
  5987 | D:5      | 5987 ||| Stepping randomly (stuck).
  5989 | D:5      | 5989 ||| Stepping randomly (stuck).
  5991 | D:5      | 5991 ||| Stepping randomly (stuck).
  5993 | D:5      | 5993 ||| Stepping randomly (stuck).
  5995 | D:5      | 5995 ||| Stepping randomly (stuck).
  5997 | D:5      | 5997 ||| Stepping randomly (stuck).
  5999 | D:5      | 5999 ||| Stepping randomly (stuck).
  6001 | D:5      | 6001 ||| Stepping randomly (stuck).
  6003 | D:5      | 6003 ||| Stepping randomly (stuck).
  6004 | D:5      | 6004 ||| Stepping randomly (stuck).
  6006 | D:5      | 6006 ||| Stepping randomly (stuck).
  6008 | D:5      | 6008 ||| Stepping randomly (stuck).
  6010 | D:5      | 6010 ||| Stepping randomly (stuck).
  6011 | D:5      | 6011 ||| Stepping randomly (stuck).
  6013 | D:5      | 6013 ||| Stepping randomly (stuck).
  6015 | D:5      | 6015 ||| Stepping randomly (stuck).
  6016 | D:5      | 6016 ||| Stepping randomly (stuck).
  6018 | D:5      | 6018 ||| Stepping randomly (stuck).
  6020 | D:5      | 6020 ||| Stepping randomly (stuck).
  6022 | D:5      | 6022 ||| Stepping randomly (stuck).
  6024 | D:5      | 6024 ||| Stepping randomly (stuck).
  6025 | D:5      | 6025 ||| Stepping randomly (stuck).
  6026 | D:5      | 6026 ||| Stepping randomly (stuck).
  6028 | D:5      | 6028 ||| Stepping randomly (stuck).
  6030 | D:5      | 6030 ||| Stepping randomly (stuck).
  6031 | D:5      | 6031 ||| Stepping randomly (stuck).
  6033 | D:5      | 6033 ||| Stepping randomly (stuck).
  6034 | D:5      | 6034 ||| Stepping randomly (stuck).
  6036 | D:5      | 6036 ||| Stepping randomly (stuck).
  6038 | D:5      | 6038 ||| Stepping randomly (stuck).
  6040 | D:5      | 6040 ||| Stepping randomly (stuck).
  6041 | D:5      | 6041 ||| Stepping randomly (stuck).
  6043 | D:5      | 6043 ||| Stepping randomly (stuck).
  6044 | D:5      | 6044 ||| Stepping randomly (stuck).
  6046 | D:5      | 6046 ||| Stepping randomly (stuck).
  6047 | D:5      | 6047 ||| Stepping randomly (stuck).
  6048 | D:5      | 6048 ||| Stepping randomly (stuck).
  6050 | D:5      | 6050 ||| Stepping randomly (stuck).
  6052 | D:5      | 6052 ||| Stepping randomly (stuck).
  6053 | D:5      | 6053 ||| Stepping randomly (stuck).
  6055 | D:5      | 6055 ||| Stepping randomly (stuck).
  6056 | D:5      | 6056 ||| Stepping randomly (stuck).
  6058 | D:5      | 6058 ||| Stepping randomly (stuck).
  6060 | D:5      | 6060 ||| Stepping randomly (stuck).
  6061 | D:5      | 6061 ||| Stepping randomly (stuck).
  6062 | D:5      | 6062 ||| Stepping randomly (stuck).
  6064 | D:5      | 6064 ||| Stepping randomly (stuck).
  6066 | D:5      | 6066 ||| Stepping randomly (stuck).
  6067 | D:5      | 6067 ||| Stepping randomly (stuck).
  6068 | D:5      | 6068 ||| Stepping randomly (stuck).
  6070 | D:5      | 6070 ||| Stepping randomly (stuck).
  6072 | D:5      | 6072 ||| Stepping randomly (stuck).
  6073 | D:5      | 6073 ||| Stepping randomly (stuck).
  6075 | D:5      | 6075 ||| Stepping randomly (stuck).
  6076 | D:5      | 6076 ||| Stepping randomly (stuck).
  6078 | D:5      | 6078 ||| Stepping randomly (stuck).
  6080 | D:5      | 6080 ||| Stepping randomly (stuck).
  6081 | D:5      | 6081 ||| Stepping randomly (stuck).
  6083 | D:5      | 6083 ||| Stepping randomly (stuck).
  6085 | D:5      | 6085 ||| Stepping randomly (stuck).
  6087 | D:5      | 6087 ||| Stepping randomly (stuck).
  6089 | D:5      | 6089 ||| Stepping randomly (stuck).
  6090 | D:5      | 6090 ||| Stepping randomly (stuck).
  6092 | D:5      | 6092 ||| Stepping randomly (stuck).
  6094 | D:5      | 6094 ||| Stepping randomly (stuck).
  6096 | D:5      | 6096 ||| Stepping randomly (stuck).
  6097 | D:5      | 6097 ||| Stepping randomly (stuck).
  6099 | D:5      | 6099 ||| Stepping randomly (stuck).
  6101 | D:5      | 6101 ||| Stepping randomly (stuck).
  6103 | D:5      | 6103 ||| Stepping randomly (stuck).
  6104 | D:5      | 6104 ||| Stepping randomly (stuck).
  6105 | D:5      | 6105 ||| Stepping randomly (stuck).
  6107 | D:5      | 6107 ||| Stepping randomly (stuck).
  6109 | D:5      | 6109 ||| Stepping randomly (stuck).
  6111 | D:5      | 6111 ||| Stepping randomly (stuck).
  6113 | D:5      | 6113 ||| Stepping randomly (stuck).
  6115 | D:5      | 6115 ||| Stepping randomly (stuck).
  6117 | D:5      | 6117 ||| Stepping randomly (stuck).
  6118 | D:5      | 6118 ||| Stepping randomly (stuck).
  6120 | D:5      | 6120 ||| Stepping randomly (stuck).
  6121 | D:5      | 6121 ||| Stepping randomly (stuck).
  6122 | D:5      | 6122 ||| Stepping randomly (stuck).
  6124 | D:5      | 6124 ||| Stepping randomly (stuck).
  6126 | D:5      | 6126 ||| Stepping randomly (stuck).
  6127 | D:5      | 6127 ||| Stepping randomly (stuck).
  6129 | D:5      | 6129 ||| Stepping randomly (stuck).
  6130 | D:5      | 6130 ||| Stepping randomly (stuck).
  6132 | D:5      | 6132 ||| Stepping randomly (stuck).
  6134 | D:5      | 6134 ||| Stepping randomly (stuck).
  6135 | D:5      | 6135 ||| Stepping randomly (stuck).
  6136 | D:5      | 6136 ||| Stepping randomly (stuck).
  6138 | D:5      | 6138 ||| Stepping randomly (stuck).
  6140 | D:5      | 6140 ||| Stepping randomly (stuck).
  6141 | D:5      | 6141 ||| Stepping randomly (stuck).
  6143 | D:5      | 6143 ||| Stepping randomly (stuck).
  6145 | D:5      | 6145 ||| Stepping randomly (stuck).
  6147 | D:5      | 6147 ||| Stepping randomly (stuck).
  6149 | D:5      | 6149 ||| Stepping randomly (stuck).
  6150 | D:5      | 6150 ||| Stepping randomly (stuck).
  6152 | D:5      | 6152 ||| Stepping randomly (stuck).
  6154 | D:5      | 6154 ||| Stepping randomly (stuck).
  6156 | D:5      | 6156 ||| Stepping randomly (stuck).
  6158 | D:5      | 6158 ||| Stepping randomly (stuck).
  6160 | D:5      | 6160 ||| Stepping randomly (stuck).
  6161 | D:5      | 6161 ||| Stepping randomly (stuck).
  6162 | D:5      | 6162 ||| Stepping randomly (stuck).
  6163 | D:5      | 6163 ||| Stepping randomly (stuck).
  6165 | D:5      | 6165 ||| Stepping randomly (stuck).
  6167 | D:5      | 6167 ||| Stepping randomly (stuck).
  6168 | D:5      | 6168 ||| Stepping randomly (stuck).
  6170 | D:5      | 6170 ||| Stepping randomly (stuck).
  6172 | D:5      | 6172 ||| Stepping randomly (stuck).
  6173 | D:5      | 6173 ||| Stepping randomly (stuck).
  6175 | D:5      | 6175 ||| Stepping randomly (stuck).
  6177 | D:5      | 6177 ||| Stepping randomly (stuck).
  6178 | D:5      | 6178 ||| Stepping randomly (stuck).
  6179 | D:5      | 6179 ||| Stepping randomly (stuck).
  6181 | D:5      | 6181 ||| Stepping randomly (stuck).
  6182 | D:5      | 6182 ||| Stepping randomly (stuck).
  6184 | D:5      | 6184 ||| Stepping randomly (stuck).
  6186 | D:5      | 6186 ||| Stepping randomly (stuck).
  6187 | D:5      | 6187 ||| Stepping randomly (stuck).
  6189 | D:5      | 6189 ||| Stepping randomly (stuck).
  6191 | D:5      | 6191 ||| Stepping randomly (stuck).
  6192 | D:5      | 6192 ||| Stepping randomly (stuck).
  6193 | D:5      | 6193 ||| Stepping randomly (stuck).
  6194 | D:5      | 6194 ||| Stepping randomly (stuck).
  6195 | D:5      | 6195 ||| Stepping randomly (stuck).
  6197 | D:5      | 6197 ||| Stepping randomly (stuck).
  6199 | D:5      | 6199 ||| Stepping randomly (stuck).
  6201 | D:5      | 6201 ||| Stepping randomly (stuck).
  6203 | D:5      | 6203 ||| Stepping randomly (stuck).
  6204 | D:5      | 6204 ||| Stepping randomly (stuck).
  6206 | D:5      | 6206 ||| Stepping randomly (stuck).
  6208 | D:5      | 6208 ||| Stepping randomly (stuck).
  6210 | D:5      | 6210 ||| Stepping randomly (stuck).
  6211 | D:5      | 6211 ||| Stepping randomly (stuck).
  6213 | D:5      | 6213 ||| Stepping randomly (stuck).
  6214 | D:5      | 6214 ||| Stepping randomly (stuck).
  6216 | D:5      | 6216 ||| Stepping randomly (stuck).
  6217 | D:5      | 6217 ||| Stepping randomly (stuck).
  6218 | D:5      | 6218 ||| Stepping randomly (stuck).
  6220 | D:5      | 6220 ||| Stepping randomly (stuck).
  6221 | D:5      | 6221 ||| Stepping randomly (stuck).
  6223 | D:5      | 6223 ||| Stepping randomly (stuck).
  6225 | D:5      | 6225 ||| Stepping randomly (stuck).
  6227 | D:5      | 6227 ||| Stepping randomly (stuck).
  6228 | D:5      | 6228 ||| Stepping randomly (stuck).
  6230 | D:5      | 6230 ||| Stepping randomly (stuck).
  6232 | D:5      | 6232 ||| Stepping randomly (stuck).
  6234 | D:5      | 6234 ||| Stepping randomly (stuck).
  6236 | D:5      | 6236 ||| Stepping randomly (stuck).
  6238 | D:5      | 6238 ||| Stepping randomly (stuck).
  6239 | D:5      | 6239 ||| Stepping randomly (stuck).
  6241 | D:5      | 6241 ||| Stepping randomly (stuck).
  6243 | D:5      | 6243 ||| Stepping randomly (stuck).
  6245 | D:5      | 6245 ||| Stepping randomly (stuck).
  6246 | D:5      | 6246 ||| Stepping randomly (stuck).
  6248 | D:5      | 6248 ||| Stepping randomly (stuck).
  6249 | D:5      | 6249 ||| Stepping randomly (stuck).
  6251 | D:5      | 6251 ||| Stepping randomly (stuck).
  6253 | D:5      | 6253 ||| Stepping randomly (stuck).
  6254 | D:5      | 6254 ||| Stepping randomly (stuck).
  6255 | D:5      | 6255 ||| Stepping randomly (stuck).
  6257 | D:5      | 6257 ||| Stepping randomly (stuck).
  6259 | D:5      | 6259 ||| Stepping randomly (stuck).
  6261 | D:5      | 6261 ||| Stepping randomly (stuck).
  6263 | D:5      | 6263 ||| Stepping randomly (stuck).
  6265 | D:5      | 6265 ||| Stepping randomly (stuck).
  6266 | D:5      | 6266 ||| Stepping randomly (stuck).
  6268 | D:5      | 6268 ||| Stepping randomly (stuck).
  6270 | D:5      | 6270 ||| Stepping randomly (stuck).
  6271 | D:5      | 6271 ||| Stepping randomly (stuck).
  6272 | D:5      | 6272 ||| Stepping randomly (stuck).
  6273 | D:5      | 6273 ||| Stepping randomly (stuck).
  6275 | D:5      | 6275 ||| Stepping randomly (stuck).
  6277 | D:5      | 6277 ||| Stepping randomly (stuck).
  6279 | D:5      | 6279 ||| Stepping randomly (stuck).
  6281 | D:5      | 6281 ||| Stepping randomly (stuck).
  6283 | D:5      | 6283 ||| Stepping randomly (stuck).
  6285 | D:5      | 6285 ||| Stepping randomly (stuck).
  6286 | D:5      | 6286 ||| Stepping randomly (stuck).
  6288 | D:5      | 6288 ||| Stepping randomly (stuck).
  6289 | D:5      | 6289 ||| Stepping randomly (stuck).
  6291 | D:5      | 6291 ||| Stepping randomly (stuck).
  6293 | D:5      | 6293 ||| Stepping randomly (stuck).
  6294 | D:5      | 6294 ||| Stepping randomly (stuck).
  6296 | D:5      | 6296 ||| Stepping randomly (stuck).
  6298 | D:5      | 6298 ||| Stepping randomly (stuck).
  6300 | D:5      | 6300 ||| Stepping randomly (stuck).
  6302 | D:5      | 6302 ||| Stepping randomly (stuck).
  6303 | D:5      | 6303 ||| Stepping randomly (stuck).
  6304 | D:5      | 6304 ||| Stepping randomly (stuck).
  6305 | D:5      | 6305 ||| Stepping randomly (stuck).
  6306 | D:5      | 6306 ||| Stepping randomly (stuck).
  6307 | D:5      | 6307 ||| Stepping randomly (stuck).
  6309 | D:5      | 6309 ||| Stepping randomly (stuck).
  6311 | D:5      | 6311 ||| Stepping randomly (stuck).
  6313 | D:5      | 6313 ||| Stepping randomly (stuck).
  6315 | D:5      | 6315 ||| Stepping randomly (stuck).
  6317 | D:5      | 6317 ||| Stepping randomly (stuck).
  6319 | D:5      | 6319 ||| Stepping randomly (stuck).
  6321 | D:5      | 6321 ||| Stepping randomly (stuck).
  6323 | D:5      | 6323 ||| Stepping randomly (stuck).
  6324 | D:5      | 6324 ||| Stepping randomly (stuck).
  6326 | D:5      | 6326 ||| Stepping randomly (stuck).
  6327 | D:5      | 6327 ||| Stepping randomly (stuck).
  6329 | D:5      | 6329 ||| Stepping randomly (stuck).
  6331 | D:5      | 6331 ||| Stepping randomly (stuck).
  6332 | D:5      | 6332 ||| Stepping randomly (stuck).
  6334 | D:5      | 6334 ||| Stepping randomly (stuck).
  6335 | D:5      | 6335 ||| Stepping randomly (stuck).
  6337 | D:5      | 6337 ||| Stepping randomly (stuck).
  6339 | D:5      | 6339 ||| Stepping randomly (stuck).
  6340 | D:5      | 6340 ||| Stepping randomly (stuck).
  6342 | D:5      | 6342 ||| Stepping randomly (stuck).
  6343 | D:5      | 6343 ||| Stepping randomly (stuck).
  6345 | D:5      | 6345 ||| Stepping randomly (stuck).
  6347 | D:5      | 6347 ||| Stepping randomly (stuck).
  6348 | D:5      | 6348 ||| Stepping randomly (stuck).
  6350 | D:5      | 6350 ||| Stepping randomly (stuck).
  6352 | D:5      | 6352 ||| Stepping randomly (stuck).
  6353 | D:5      | 6353 ||| Stepping randomly (stuck).
  6355 | D:5      | 6355 ||| Stepping randomly (stuck).
  6357 | D:5      | 6357 ||| Stepping randomly (stuck).
  6358 | D:5      | 6358 ||| Stepping randomly (stuck).
  6360 | D:5      | 6360 ||| Stepping randomly (stuck).
  6361 | D:5      | 6361 ||| Stepping randomly (stuck).
  6363 | D:5      | 6363 ||| Stepping randomly (stuck).
  6364 | D:5      | 6364 ||| Stepping randomly (stuck).
  6365 | D:5      | 6365 ||| Stepping randomly (stuck).
  6367 | D:5      | 6367 ||| Stepping randomly (stuck).
  6369 | D:5      | 6369 ||| Stepping randomly (stuck).
  6370 | D:5      | 6370 ||| Stepping randomly (stuck).
  6372 | D:5      | 6372 ||| Stepping randomly (stuck).
  6373 | D:5      | 6373 ||| Stepping randomly (stuck).
  6374 | D:5      | 6374 ||| Stepping randomly (stuck).
  6375 | D:5      | 6375 ||| Stepping randomly (stuck).
  6377 | D:5      | 6377 ||| Stepping randomly (stuck).
  6379 | D:5      | 6379 ||| Stepping randomly (stuck).
  6381 | D:5      | 6381 ||| Stepping randomly (stuck).
  6383 | D:5      | 6383 ||| Stepping randomly (stuck).
  6385 | D:5      | 6385 ||| Stepping randomly (stuck).
  6387 | D:5      | 6387 ||| Stepping randomly (stuck).
  6389 | D:5      | 6389 ||| Stepping randomly (stuck).
  6391 | D:5      | 6391 ||| Stepping randomly (stuck).
  6393 | D:5      | 6393 ||| Stepping randomly (stuck).
  6395 | D:5      | 6395 ||| Stepping randomly (stuck).
  6396 | D:5      | 6396 ||| Stepping randomly (stuck).
  6398 | D:5      | 6398 ||| Stepping randomly (stuck).
  6399 | D:5      | 6399 ||| Stepping randomly (stuck).
  6401 | D:5      | 6401 ||| Stepping randomly (stuck).
  6403 | D:5      | 6403 ||| Stepping randomly (stuck).
  6404 | D:5      | 6404 ||| Stepping randomly (stuck).
  6406 | D:5      | 6406 ||| Stepping randomly (stuck).
  6408 | D:5      | 6408 ||| Stepping randomly (stuck).
  6410 | D:5      | 6410 ||| Stepping randomly (stuck).
  6412 | D:5      | 6412 ||| Stepping randomly (stuck).
  6413 | D:5      | 6413 ||| Stepping randomly (stuck).
  6415 | D:5      | 6415 ||| Stepping randomly (stuck).
  6417 | D:5      | 6417 ||| Stepping randomly (stuck).
  6419 | D:5      | 6419 ||| Stepping randomly (stuck).
  6420 | D:5      | 6420 ||| Stepping randomly (stuck).
  6421 | D:5      | 6421 ||| Stepping randomly (stuck).
  6422 | D:5      | 6422 ||| Stepping randomly (stuck).
  6423 | D:5      | 6423 ||| Stepping randomly (stuck).
  6424 | D:5      | 6424 ||| Stepping randomly (stuck).
  6425 | D:5      | 6425 ||| Stepping randomly (stuck).
  6427 | D:5      | 6427 ||| Stepping randomly (stuck).
  6429 | D:5      | 6429 ||| Stepping randomly (stuck).
  6430 | D:5      | 6430 ||| Stepping randomly (stuck).
  6431 | D:5      | 6431 ||| Stepping randomly (stuck).
  6432 | D:5      | 6432 ||| Stepping randomly (stuck).
  6433 | D:5      | 6433 ||| Stepping randomly (stuck).
  6434 | D:5      | 6434 ||| Stepping randomly (stuck).
  6436 | D:5      | 6436 ||| Stepping randomly (stuck).
  6437 | D:5      | 6437 ||| Stepping randomly (stuck).
  6439 | D:5      | 6439 ||| Stepping randomly (stuck).
  6441 | D:5      | 6441 ||| Stepping randomly (stuck).
  6443 | D:5      | 6443 ||| Stepping randomly (stuck).
  6444 | D:5      | Quit the game

Levels and vault maps discovered:
D:1:      dpeg_arrival_round_a, layout_basic, serial_bayou_lagoon_a
D:2:      layout_basic, kennysheep_generic_room_3, uniq_terence
D:3:      layout_loops_ring, lemuel_round_altar
D:4:      layout_loops_ring, nicolae_uskayaw_en_pointe, trog_butcher_becter,
          jmf_multi_god_temple2
D:5:      layout_basic, nicolae_vehumet_radiance,
          minmay_fractal_squares_gapless_5, uniq_crazy_yiuf_cottage

Skill      XL: |  1  2  3  4  5  6  7  8 |
---------------+-------------------------+-----
Axes           | 3 4 5 6 8 |  8.0
Throwing       | 1 |  1.0
Armour         | 1 2 3 4 |  4.0
Shields        | 1 2 3 |  3.0
Fighting       | 4 5 |  5.0
Spellcasting   | |  1.0
Fire Magic     | |  3.0

Action                     |  1- 3 |  4- 6 |  7- 9 || total
---------------------------+-------+-------+-------++-------
  Melee: Hand axe          |    30 |       |       ||    30
         War axe           |    82 |   123 |   160 ||   365
  Throw: Javelin           |    17 |    18 |     7 ||    42
         Boomerang         |       |     7 |    16 ||    23
 Invoke: Fiery Armour      |     2 |     1 |     5 ||     8
    Use: Scroll            |     4 |     5 |     5 ||    14
         Potion            |     1 |       |     1 ||     2
 Armour: Robe              |    20 |       |       ||    20
         Plate armour      |    44 |   106 |   130 ||   280
  Dodge: Dodged            |    55 |    20 |    52 ||   127
  Block: Buckler           |     2 |    18 |    23 ||    43

Table legend:
 A = Non-vault XP
 B = Vault XP
 C = Vault XP percentage of total XP
 D = Non-vault monster count
 E = Vault monster count
 F = Vault count percentage of total count
                 A         B        C        D         E       F
            +---------+---------+-------+---------+---------+-------
      Total |    1687 |     274 |  14.0 |     103 |      12 |  10.4
            +---------+---------+-------+---------+---------+-------
        D:1 |      24 |       0 |   0.0 |      18 |       0 |   0.0
        D:2 |      68 |      38 |  35.8 |      19 |       3 |  13.6
        D:3 |      72 |       0 |   0.0 |      21 |       0 |   0.0
        D:4 |     473 |       8 |   1.7 |      17 |       4 |  19.0
        D:5 |    1050 |     228 |  17.8 |      28 |       5 |  15.2
            +---------+---------+-------+---------+---------+-------
